 Dungeon Crawl Stone Soup version 0.17-a0-1378-g281efdd (webtiles) character file.

42 Steifyn the Cudgeler (level 3, 0/36 HPs)
             Began as a Troll Berserker on June 14, 2015.
             Was a Follower of Trog.
             Succumbed to an adder's poison
             ... on level 4 of the Dungeon.
             The game lasted 00:05:19 (556 turns).

Steifyn the Cudgeler (Troll Berserker)               Turns: 556, Time: 00:05:19

Health: 0/36       AC:  5    Str: 26    XL:     3   Next: 33%
Magic:  2/2        EV: 10    Int:  3    God:    Trog [*.....]
Gold:   88         SH:  0    Dex:  9    Spells: 0 memorised, 2 levels left

rFire  . . .     SeeInvis .     a - +0 mace
rCold  . . .     Clarity  .     b - +0 animal skin
rNeg   . . .     SustAt   .     (no shield)
rPois  .         Gourm    +     (helmet restricted)
rElec  .         Spirit   .     (no cloak)
rCorr  .         Warding  .     (gloves unavailable)
rMut   .         Stasis   .     (boots unavailable)
MR     .....                    (no amulet)
Stlth  +.........               (no ring)
                                (no ring)

@: lethally poisoned (0 -> -1), not resistant to hostile enchantments, very
unstealthy
A: unfitting armour, claws 3, fast metabolism 3, gourmand, regeneration 2,
shaggy fur 1, tough skin 2
a: Burn Spellbooks, Berserk, Renounce Religion


You were on level 4 of the Dungeon.
You worshipped Trog.
Trog was aware of your devotion.
You were not hungry.

You visited 1 branch of the dungeon, and saw 4 of its levels.

You collected 88 gold pieces.

Inventory:

Hand weapons
 a - a +0 mace (weapon)
Armour
 b - a +0 animal skin (worn)
 d - a +2 pair of boots
Potions
 f - a potion of might {unknown}
 g - a potion of curing {unknown}
Books
 e - a book of Debilitation

   Spells                             Type                      Level
   a - Corona                         Hexes                        1
   b - Slow                           Hexes                        2
   c - Gell's Gravitas                Hexes/Translocation          3
   d - Inner Flame                    Hexes/Fire                   3
   e - Cause Fear                     Hexes                        4
   f - Leda's Liquefaction            Hexes/Earth                  4
   Trog disapproves of the use of such an item.
Comestibles
 c - 5 bread rations


   Skills:
 + Level 2.7 Fighting
 + Level 3.1 Maces & Flails
 + Level 3.1 Dodging


You had 2 spell levels left.
You didn't know any spells.

Dungeon Overview and Level Annotations

Branches:
Dungeon (4/15)
 Temple: D:4-7

Altars:
Cheibriados
Elyvilon


Innate Abilities, Weirdness & Mutations

You are too large for most types of armour.
You have claws for hands.
Your metabolism is lightning-fast.
You like to eat raw meat.
You heal very quickly.
You are covered in fur (AC +1).
You have very tough skin (AC +2).


Message History

* * * LOW HITPOINT WARNING * * *
The giant newt closely misses you. The hound barely misses you.
The giant newt bites you but does no damage.
You feel sick. The hound bites you.
* * * LOW HITPOINT WARNING * * *
You barely miss the hound. The hound bites you but does no damage.
The giant newt bites you but does no damage.
The hound bites you but does no damage.
You barely miss the hound.
You feel sick.
The giant newt bites you but does no damage.
The hound closely misses you. The giant newt barely misses you.
The hound bites you but does no damage.
You hit the hound.
The hound is moderately wounded.
The hound bites you.
* * * LOW HITPOINT WARNING * * *
The giant newt closely misses you.
You hit the hound.
The hound is severely wounded.
You die...

# ## ##. .###
#..### ##...###.
##....###........
#....@h.........#
#.....l..<.....#
#...............#
.........##......#
..(....######....#
.....## ....#
..... ....# .....
....# .....


You could see a hound and a giant newt.

Vanquished Creatures
  2 adders
  An adder zombie (D:1)
  A worm (D:2)
  An orc (D:4)
  A ball python (D:2)
  4 bats
  A hobgoblin (D:2)
  2 kobolds
  A ball python zombie (D:1)
  A giant cockroach (D:2)
  A giant newt (D:1)
  A goblin (D:2)
  A quokka (D:3)
  4 rats (D:2)
22 creatures vanquished.

Notes
Turn   | Place    | Note
--------------------------------------------------------------
     0 | D:1      | Steifyn the Troll Berserker began the quest for the Orb.
     0 | D:1      | Reached XP level 1. HP: 22/22 MP: 0/0
   243 | D:2      | Reached XP level 2. HP: 22/29 MP: 1/1
   304 | D:2      | Reached skill level 3 in Maces & Flails
   344 | D:2      | Found a white marble altar of Elyvilon.
   455 | D:3      | Found a snail-covered altar of Cheibriados.
   464 | D:3      | Found a faded altar to an unknown god.
   487 | D:3      | Reached XP level 3. HP: 16/36 MP: 2/2
   555 | D:4      | HP: 1/36 [hound (5)]
   556 | D:4      | Succumbed to an adder's poison

Vault maps used:
D:1:      saegor_arrival_fortress
D:2:      nicolae_overflow_crystal_walls
D:3:      bloody_makhleb, cheibriados_altar_1, ecumenical_altar_1
D:4:      kennysheep_little_box, okawaru_trees_1, minmay_temple_entry_hall,
          first_bread, uniq_robin, uniq_blork_the_orc, uniq_duvessa

Action                   || total
-------------------------++-------
Melee: Mace              ||    90
  Eat: Bread ration      ||     1
